 Dungeon Crawl Stone Soup version 0.26.1-2-gb8aa6d0cf2 (webtiles) character file.

Game seed: 7505964040018253072

140 hawla the Conjurer (level 5, -2/29 HPs)
             Began as a Deep Elf Conjurer on Feb 23, 2021.
             Killed by nerve-wracking pain
             ... invoked by an orc priest
              (13 damage)
             ... on level 3 of the Dungeon.
             The game lasted 00:08:50 (3238 turns).

hawla the Conjurer (Deep Elf Conjurer)              Turns: 3238, Time: 00:08:50

Health: -2/29      AC:  3    Str:  4    XL:     5   Next: 2%
Magic:  1/12       EV: 13    Int: 24    God:
Gold:   84         SH:  0    Dex: 13    Spells: 4/11 levels left

rFire    . . .     SeeInvis .   h - +0 whip
rCold    . . .     Faith    .   (no shield)
rNeg     . . .     Spirit   .   a - +0 robe
rPois    .         Reflect  .   (no helmet)
rElec    .         Harm     .   (no cloak)
rCorr    .         Rampage  .   i - +0 pair of gloves
Will     .....                  (no boots)
Stlth    ++........             (no amulet)
HPRegen  0.09/turn              (no ring)
MPRegen  0.13/turn              (no ring)

@: no status effects
A: no striking features
a: no special abilities


You were on level 3 of the Dungeon.
You visited 1 branch of the dungeon, and saw 3 of its levels.

You collected 84 gold pieces.

Inventory:

Hand Weapons
 h - a +0 whip (weapon)
Missiles
 d - 6 boomerangs
 e - 15 poisoned darts
Armour
 a - a +0 robe (worn)
 i - a +0 pair of gloves (worn)
Scrolls
 b - 3 scrolls of remove curse
 f - a scroll of teleportation
Potions
 c - a potion of curing {unknown}
 g - a potion of might


   Skills:
 + Level 1.3 Fighting
 + Level 3.4 Dodging
 + Level 3.5 Stealth
 + Level 3.8 Spellcasting
 + Level 4.9 Conjurations
 + Level 1.9 Translocations


You had 4 spell levels left.
You knew the following spells:

 Your Spells              Type           Power        Failure   Level
a - Magic Dart            Conj           100%         1%          1
b - Searing Ray           Conj           56%          1%          2
c - Iskenderun's Mystic   Conj/Tloc      21%          24%         4

Your spell library contained the following spells:

 Spells                   Type           Power        Failure   Level
 Dazzling Flash           Conj/Hex       32%          11%         3
 Fulminant Prism          Conj/Hex       8%           36%         4


Dungeon Overview and Level Annotations

Branches:
Dungeon (3/15)

Altars:
Fedhas
Nemelex Xobeh
Sif Muna
Zin


Message History

Confirm with . or Enter, or press ? or * to list all spells.
Aiming: Searing Ray (safe; 1% risk of failure)
Press: ? - help, Shift-Dir - straight line, f - orc priest
Aim: an orc priest, wielding a +0 war axe and wearing a +0 leather armour (21% to evade)
The searing ray misses the orc priest. (Press . to maintain the ray.)
The searing ray hits the orc priest!
The orc priest is almost dead.
The searing ray hits the adder!
The adder is severely wounded.
An orc comes into view. It is wielding a +0 flail.
The orc priest hits you with a +0 war axe.
You hit the orc priest but do no damage.
The orc priest is almost dead.
The orc priest hits you with a +0 war axe!
You hit the orc priest.
The orc priest is almost dead.
The orc priest mumbles some strange prayers to Beogh against you.
Pain shoots through your body!
You die...

#.##.# #.# #.# #.
#.##.# #.# #.# #.
#.##.# #.# #.# #.
#.##.####.###.# #.
.######.##........!.#
#.
........(.).....#####
#. ######.#########
#.####### #@.......
#o#...... oS#......
.?.. ..... ####.
..#.. .. .. . .. ...
...


You could see an orc priest, an adder and an orc.

Vanquished Creatures
  An orc wizard (D:3)
  3 adders
  An ooze (D:3)
  3 worms
  3 dart slugs
  3 leopard geckos (D:2)
  An orc (D:3)
  A giant cockroach (D:2)
  5 goblins
  7 hobgoblins
  6 jackals (D:2)
  2 quokkas (D:2)
  6 bats
  3 frilled lizards
  9 kobolds
  10 rats
64 creatures vanquished.

Notes
Turn   | Place    | Note
-------+----------+-------------------------------------------
     0 | D:1      | hawla the Deep Elf Conjurer began the quest for the Orb.
     0 | D:1      | Reached XP level 1. HP: 10/10 MP: 6/6
   367 | D:1      | Reached XP level 2. HP: 15/15 MP: 6/8
   370 | D:1      | Learned a level 2 spell: Searing Ray
  1117 | D:2      | Found a sparkling altar of Nemelex Xobeh.
  1118 | D:2      | Found a blossoming altar of Fedhas.
  1121 | D:2      | Found a glowing silver altar of Zin.
  1121 | D:2      | Found a shimmering blue altar of Sif Muna.
  1227 | D:2      | Reached skill level 1 in Translocations
  1329 | D:2      | Reached XP level 3. HP: 15/20 MP: 5/9
  1893 | D:2      | Reached skill level 1 in Fighting
  2404 | D:2      | Reached XP level 4. HP: 25/25 MP: 8/11
  2409 | D:2      | Learned a level 4 spell: Iskenderun's Mystic Blast
  3234 | D:3      | Reached XP level 5. HP: 27/29 MP: 3/12
  3238 | D:3      | Killed from afar by an orc priest

Illustrated notes

Levels and vault maps discovered:
D:1:      ebering_hopf_link, layout_loops_ring, minmay_misc_feat_roman
D:2:      layout_loops_corners, grunt_temple_overflow_open,
          palyth_stone_intersect
D:3:      layout_loops_ring, portal_sewer_entry_f, grunt_decor_arrowhead,
          uniq_jessica

Skill      XL: |  1  2  3 |
---------------+----------+-----
Translocations | 1 |  1.9
Stealth        | 3 |  3.5
Fighting       | 1 |  1.3
Dodging        | 3 |  3.4
Spellcasting   | |  3.8
Conjurations   | |  4.9

Action                   |  1- 3 |  4- 6 || total
-------------------------+-------+-------++-------
Melee: Unarmed           |     9 |       ||     9
       Whip              |       |     2 ||     2
 Cast: Magic Dart        |    40 |     3 ||    43
       Searing Ray       |    26 |    19 ||    45
  Use: Scroll            |     5 |     1 ||     6
Armor: Robe              |     3 |     1 ||     4
Dodge: Dodged            |     9 |     1 ||    10
